 Dungeon Crawl Stone Soup version 0.20-a0-959-gdc9e609 (webtiles) character file.

712 Leonis the Shield-Bearer (level 7, -3/61 HPs)
             Began as a Hill Orc Fighter on Apr 5, 2017.
             Slain by Grinder (6 damage)
             ... while paralysed by Grinder
             ... on level 5 of the Dungeon on Apr 6, 2017.
             The game lasted 00:20:03 (2994 turns).

Leonis the Shield-Bearer (Hill Orc Fighter)         Turns: 2994, Time: 00:20:04

Health: -3/61      AC: 10    Str: 21    XL:     7   Next: 68%
Magic:  7/7        EV:  2    Int:  8    God:
Gold:   199        SH:  0    Dex: 14    Spells: 6/6 levels left

rFire    . . .     SeeInvis .   x - +0 flail (venom)
rCold    . . .     Gourm    .   c - +0 shield
rNeg     . . .     Faith    .   A - +3 leather armour {MR+}
rPois    .         Spirit   .   (no helmet)
rElec    .         Reflect  .   D - +1 cloak
rCorr    .         Harm     .   (no gloves)
MR       +....                  k - +0 pair of boots
Stlth    +.........             (no amulet)
Regen    0.2/turn               i - +4 ring of dexterity (curse)
MPRegen  0.1/turn               o - -3 ring of evasion (curse)

@: paralysed, hasted
A: no striking features
a: no special abilities


You were on level 5 of the Dungeon.
You were hungry.

You visited 1 branch of the dungeon, and saw 5 of its levels.

You collected 199 gold pieces.

Inventory:

Hand Weapons
 a - a +0 war axe
 n - a +0 spear
 p - a +0 rapier of holy wrath
 x - a +0 flail of venom (weapon)
 C - a +4 quarterstaff of chaos
Missiles
 E - a throwing net (quivered)
Armour
 c - a +0 shield (worn)
 k - a +0 pair of boots (worn)
 y - a +0 plate armour
 A - a +3 leather armour of magic resistance (worn)
 D - a +1 cloak (worn)
Jewellery
 i - a cursed +4 ring of dexterity (left hand)
 o - a cursed -3 ring of evasion (right hand)
Scrolls
 e - 3 scrolls of teleportation
 h - 2 scrolls of identify
 v - a scroll of magic mapping {unknown}
 z - a scroll of amnesia
Potions
 b - a potion of agility {unknown}
 d - a potion of might
 l - a potion of mutation {unknown}
 m - a potion of resistance {unknown}
 r - a potion of haste
 s - 2 potions of curing
 t - a potion of heal wounds {unknown}
Books
 u - a book of Changes

   Spells                             Type                      Level
   a - Beastly Appendage              Transmutation                1
   b - Sticks to Snakes               Transmutation                2
   c - Spider Form                    Transmutation/Poison         3
   d - Ice Form                       Ice/Transmutation            4
   e - Blade Hands                    Transmutation                5
 w - a book of Necromancy

   Spells                             Type                      Level
   a - Pain                           Necromancy                   1
   b - Animate Skeleton               Necromancy                   1
   c - Vampiric Draining              Necromancy                   3
   d - Regeneration                   Charms/Necromancy            3
   e - Animate Dead                   Necromancy                   4
   f - Control Undead                 Necromancy                   4
Comestibles
 f - 4 bread rations
 g - 2 meat rations
 j - 5 fruits
 q - a royal jelly
 B - 3 chunks of flesh


   Skills:
 * Level 5.5 Fighting
 + Level 5.2(5.4) Axes
 + Level 1.9(3.3) Maces & Flails
 * Level 5.5 Armour
 + Level 1.0 Dodging
 * Level 5.7 Shields


You had 6 spell levels left.
You didn't know any spells.

Dungeon Overview and Level Annotations

Branches:
Dungeon (5/15)
 Temple: D:4-7

Altars:
Ashenzari
Qazlal
Ru
Xom
Yredelemnul

Annotations:
D:5 Grinder


Message History

You block the adder's attack.
You closely miss Grinder.
Grinder is severely wounded.
Grinder hits you but does no damage. The adder barely misses you.
You hit Grinder.
Grinder is severely wounded.
Grinder blinks!
You block the adder's attack. Grinder gestures at you.
You suddenly lose the ability to move!
The adder bites you but does no damage. Grinder hits you.
* * * LOW HITPOINT WARNING * * *
The adder bites you but does no damage.
Grinder looks more healthy.
Grinder hits you!
* * * LOW HITPOINT WARNING * * *
You writhe in agony.
* * * LOW HITPOINT WARNING * * *
The adder bites you but does no damage. The adder bites you but does no damage.
Grinder hits you but does no damage. The adder bites you but does no damage.
Grinder hits you.
You die...

#### ### ...##. #.##.....
. #### #.......# ..
##..#########.......#...
##.....<..##..........
........#.##.........
##.####........##.# #
##.# #####....5@.#.##...
...# #....##S......#
...###.........##........
.......#.##..#.##........
..###... #..##.#.........
...# ..."..........#.#..
##..........#.....###.# .
........... .....# #
###..### .....


You could see Grinder and an adder.

Vanquished Creatures
  Eustachio (D:4)
  Edmund (D:4)
  An ogre (D:5)
  A scorpion (D:4)
  A howler monkey (D:4)
  2 hounds (D:4)
  A bullfrog skeleton (D:5)
  Crazy Yiuf (D:4)
  2 adders (D:4)
  4 gnolls (D:4)
  4 oozes
  An adder skeleton (D:4)
  3 worms
  2 dart slugs
  2 leopard geckos
  An orc (D:3)
  3 giant cockroaches
  7 goblins
  7 hobgoblins
  2 quokkas
  2 ball pythons (D:2)
  11 bats
  4 frilled lizards
  2 gnoll zombies (D:4)
  4 kobolds
  9 rats
  A fungus (D:4)
80 creatures vanquished.

Notes
Turn   | Place    | Note
-------+----------+-------------------------------------------
     0 | D:1      | Leonis the Hill Orc Fighter began the quest for the Orb.
     0 | D:1      | Reached XP level 1. HP: 19/19 MP: 1/1
    77 | D:1      | Reached XP level 2. HP: 25/27 MP: 2/2
   181 | D:1      | Reached XP level 3. HP: 32/33 MP: 3/3
   713 | D:2      | Found a faded altar of an unknown god.
   713 | D:2      | Found a faded altar of an unknown god.
   719 | D:2      | Found a shattered altar of Ashenzari.
   723 | D:2      | Found a sacrificial altar of Ru.
   726 | D:2      | Found a stormy altar of Qazlal.
  1566 | D:3      | Reached XP level 4. HP: 40/40 MP: 4/4
  1633 | D:3      | Found a shimmering altar of Xom.
  1933 | D:3      | Upgraded the game from 0.20-a0-957-g47ad1fd to 0.20-a0-959-gdc9e609
  2152 | D:4      | Reached XP level 5. HP: 40/47 MP: 5/5
  2228 | D:4      | Noticed Edmund
  2241 | D:4      | Killed Edmund
  2241 | D:4      | Reached XP level 6. HP: 20/55 MP: 6/6
  2376 | D:4      | Found a basalt altar of Yredelemnul.
  2436 | D:4      | Noticed Eustachio
  2488 | D:4      | Killed Eustachio
  2488 | D:4      | Reached skill level 5 in Fighting
  2488 | D:4      | Reached skill level 5 in Axes
  2488 | D:4      | Reached skill level 5 in Armour
  2488 | D:4      | Reached skill level 5 in Shields
  2488 | D:4      | Reached XP level 7. HP: 31/61 MP: 7/7
  2735 | D:4      | Reached skill level 1 in Maces & Flails
  2865 | D:4      | Found a runed door.
  2870 | D:4      | Noticed Crazy Yiuf
  2878 | D:4      | Killed Crazy Yiuf
  2916 | D:5      | Entered Level 5 of the Dungeon
  2944 | D:5      | Reached skill level 1 in Dodging
  2967 | D:5      | Noticed Grinder
  2990 | D:5      | Paralysed by Grinder for 4 turns
  2992 | D:5      | HP: 3/61 [Grinder (1)]
  2994 | D:5      | Slain by Grinder

Vault maps used:
D:1:      onia_arrival_mini_maze_b
D:2:      chequers_temple_overflow_minitemple, kennysheep_big_empty_room
D:3:      first_bread, xom_teletrap_fun
D:4:      lemuel_zombie_altar_yredelemnul, uniq_edmund, uniq_eustachio,
          uniq_crazy_yiuf_cottage
D:5:      uniq_iyjb, uniq_sigmund, uniq_grinder

Skill      XL: |  1  2  3  4  5  6  7 |
---------------+----------------------+-----
Fighting       | 4 5 |  5.5
Shields        | 4 5 |  5.7
Axes           | 3 4 5 |  5.2
Armour         | 4 5 |  5.5
Maces & Flails | 1 |  1.9
Dodging        | 1 |  1.0

Action                   |  1- 3 |  4- 6 |  7- 9 || total
-------------------------+-------+-------+-------++-------
Melee: War axe           |   142 |    88 |     5 ||   235
       Flail             |       |    72 |    58 ||   130
  Use: Scroll            |     3 |     1 |     2 ||     6
       Potion            |       |     1 |     1 ||     2
  Eat: Chunk             |     2 |     4 |     1 ||     7
Armor: Scale mail        |    88 |    43 |       ||   131
       Plate armour      |       |    67 |       ||    67
       Leather armour    |       |       |    30 ||    30
Dodge: Dodged            |    46 |    15 |    14 ||    75
Block: Shield            |    95 |   102 |    29 ||   226
